 Dungeon Crawl Stone Soup version 0.30.1-11-g7821555f0a (webtiles) character file.

Game seed: 2872259910483337939

49 boopmooplesden the Covered (level 3, -1/33 HPs)
             Began as an Armataur Fighter on Nov 8, 2023.
             Slain by a kobold
             ... wielding a +0 club
              (4 damage)
             ... on level 2 of the Dungeon.
             The game lasted 00:01:25 (657 turns).

boopmooplesden the Covered (Armataur Fighter)        Turns: 657, Time: 00:01:26

Health: -1/33      AC:  8    Str: 21    XL:     3   Next: 51%
Magic:  3/3        EV:  7    Int:  8    God:
Gold:   36         SH:  4    Dex: 11    Spells: 2/2 levels left

rFire   . . .        a - +0 long sword
rCold   . . .        c - +0 buckler
rNeg    . . .        b - +1 scale mail
rPois   .            (no helmet)
rElec   .            (no cloak)
rCorr   .            (no gloves)
SInv    .            (no barding)
Will    .....        (no amulet) Stlth
                     (no ring)
HPRegen 0.25/turn    (no ring)
MPRegen 0.08/turn

%: roll
@: slowed, very slow
A: large, rugged brown scales 3, deformed body, armoured tail, roll, long
tongue, awkward tongue
a: no special abilities


You were on level 2 of the Dungeon.
You visited 1 branch of the dungeon, and saw 2 of its levels.

You collected 36 gold pieces.

Inventory:

Hand Weapons
 a - a +0 long sword (weapon)
Missiles
 d - 4 javelins (quivered)
Armour
 b - a +1 scale mail (worn)
 c - a +0 buckler (worn)
Scrolls
 f - a scroll of torment
 g - 2 scrolls of identify


   Skills:
 + Level 3.1 Fighting
 + Level 2.3 Long Blades
 + Level 4.2 Armour
 + Level 3.6 Shields


You had 2 spell levels left.
You didn't know any spells.
Your spell library was empty.

Dungeon Overview and Level Annotations

Branches:
Dungeon (2/15)

Altars:

Shops:
D:1 *

Annotations:
D:2 Natasha, Sigmund


Innate Abilities, Weirdness & Mutations

You are completely covered in rugged brown scales. (AC +3, +7% HP)
Armour fits poorly on your strangely shaped body.
You have a long armoured tail.
You roll when moving toward enemies. (Rampage)
Your long tongue fully drains potion bottles. (2x potion effects)
Your tongue gives you trouble enunciating. (1.5x scroll delay)


Message History

The magic dart hits you.
You roll towards Sigmund!
Natasha stares at you and mumbles some strange words.
You feel yourself slow down.
Sigmund hits you from afar with a +0 heavy scythe.
You hit Natasha.
Natasha is moderately wounded.
Natasha casts a spell.
The kobold hits you with a +0 club. Natasha claws you.
The kobold barely misses you.
Sigmund hits you from afar with a +0 heavy scythe!
* * * LOW HITPOINT WARNING * * *
You block Natasha's attack. The cerulean imp barely misses you.
Found a scroll labelled JAF IGAK LOSH.
Natasha claws you but does no damage.
The cerulean imp hits you from afar with a +1 spear.
* * * LOW HITPOINT WARNING * * *
Natasha claws you but does no damage. The cerulean imp barely misses you.
The kobold hits you but does no damage. The kobold attacks as you move away!
You block the kobold's attack.
Natasha mumbles some strange words. x2
The kobold barely misses you. The kobold attacks as you move away!
You block the kobold's attack.
Sigmund gestures wildly while chanting.
Sigmund flickers and vanishes!
Deactivating autopickup; reactivate with Ctrl-A.
It was a potion of magic.
Magic courses through your body.
You slurp down every last drop of the potion of magic!
The kobold hits you with a +0 club.
* * * LOW HITPOINT WARNING * * *
The kobold barely misses you.
Okay, then.
As you slowly read the scroll labelled JAF IGAK LOSH, it crumbles to dust.
It is a scroll of identify.
f - a scroll of torment The kobold barely misses you. x2
As you slowly read the scroll labelled RAPISO QAZOXAXTEM, it crumbles to dust.
It is a scroll of enchant armour.
Your +0 scale mail glows green for a moment.
The kobold hits you with a +0 club.
You die...

#.# #.# #.#
####.### #....[.#
#......# #......#
#...?.5#######.##
#....5.hK@...?...
#.....5####......
#......# .....
#....<.# ####
#......# ########


You could see Natasha, 3 cerulean imps and a kobold.

Vanquished Creatures
  A gnoll (D:1)
  2 dart slugs (D:1)
  A bat (D:1)
  2 endoplasms (D:1)
  2 giant cockroaches (D:1)
  5 hobgoblins (D:1)
  4 jackals (D:1)
  3 quokkas (D:1)
  2 frilled lizards (D:1)
  3 goblins (D:1)
  3 kobolds (D:1)
  3 rats (D:1)
31 creatures vanquished.

Notes
Turn   | Place    | Note
-------+----------+-------------------------------------------
     0 | D:1      | boopmooplesden the Armataur Fighter began the quest for the
                  | Orb.
     0 | D:1      | Reached XP level 1. HP: 19/19 MP: 1/1
    53 | D:1      | Found a faded altar of an unknown god.
    94 | D:1      | Reached XP level 2. HP: 9/26 MP: 2/2
   201 | D:1      | Found Cekenoq's General Store.
   264 | D:1      | Reached skill level 4 in Armour
   332 | D:1      | Reached XP level 3. HP: 26/33 MP: 3/3
   645 | D:2      | Noticed Natasha
   646 | D:2      | Noticed Sigmund
   651 | D:2      | HP: 1/33 [cerulean imp/+1 spear[Natasha] (5)]
   657 | D:2      | Slain by a kobold

Illustrated notes

Levels and vault maps discovered:
D:1:      mrwooster_arrival_statue_3, layout_rooms, basic_ecumenical_altar,
          serial_shops, nicolae_shop_hallway_plus
D:2:      layout_rooms, dk_noncrumbling_2, uniq_natasha, uniq_sigmund

Skill      XL: |  1  2 |
---------------+-------+-----
Fighting       | 3 |  3.1
Armour         | 4 |  4.2
Long Blades    | 2 |  2.3
Shields        | |  3.6

Action                     || total
---------------------------++-------
  Melee: Long sword        ||    98
         Tailslap          ||     5
    Use: Potion            ||     2
         Scroll            ||     2
 Armour: Scale mail        ||    69
  Dodge: Dodged            ||    52
  Block: Buckler           ||    26
